 Dungeon Crawl Stone Soup version 0.26.1-11-gd32895ea62 (webtiles) character file.

Game seed: 8208254053215282131

99 octigp the Sneak (level 4, -1/21 HPs)
             Began as a Spriggan Conjurer on June 3, 2021.
             Slain by an orc
             ... wielding a +0 war axe
              (5 damage)
             ... on level 3 of the Dungeon.
             The game lasted 00:09:06 (2595 turns).

octigp the Sneak (Spriggan Conjurer)                Turns: 2595, Time: 00:09:06

Health: -1/21      AC:  2    Str:  3    XL:     4   Next: 45%
Magic:  4/10       EV: 19    Int: 20    God:
Gold:   90         SH:  0    Dex: 14    Spells: 9/10 levels left

rFire    . . .     SeeInvis +   n - -2 short sword (curse)
rCold    . . .     Faith    .   (shield restricted)
rNeg     . . .     Spirit   .   a - +0 robe
rPois    .         Reflect  .   (helmet restricted)
rElec    .         Harm     .   (no cloak)
rCorr    .         Rampage  .   (gloves unavailable)
Will     .....                  (boots unavailable)
Stlth    +++.......             (no amulet)
HPRegen  0.07/turn              (no ring)
MPRegen  0.12/turn              (no ring)

@: very quick
A: very small, unfitting armour, see invisible, speed 3
a: no special abilities


You were on level 3 of the Dungeon.
You visited 1 branch of the dungeon, and saw 3 of its levels.

You collected 90 gold pieces.

Inventory:

Hand Weapons
 c - a +0 club
 f - a +0 short sword
 n - a cursed -2 short sword (weapon)
Armour
 a - a +0 robe (worn)
Scrolls
 b - a scroll of fear {unknown}
 d - 2 scrolls of enchant weapon {unknown}
 h - 2 scrolls of teleportation {unknown}
 i - a scroll of remove curse {unknown}
 j - a scroll of magic mapping {unknown}
 l - a scroll of identify {unknown}
Potions
 e - a potion of might {unknown}
 g - a potion of curing {unknown}
 k - a potion of heal wounds {unknown}
 m - 3 potions of attraction {unknown}


   Skills:
 + Level 4.0 Dodging
 + Level 4.1 Stealth
 + Level 3.5 Spellcasting
 * Level 3.6 Conjurations


You had 9 spell levels left.
You knew the following spells:

 Your Spells              Type           Power        Failure   Level
a - Magic Dart            Conj           72%          3%          1

Your spell library contained the following spells:

 Spells                   Type           Power        Failure   Level
 Searing Ray              Conj           36%          4%          2
 Dazzling Flash           Conj/Hex       20%          19%         3
 Fulminant Prism          Conj/Hex       5%           54%         4
 Iskenderun's Mystic Bla  Conj/Tloc      10%          54%         4


Dungeon Overview and Level Annotations

Branches:
Dungeon (3/15)

Altars:


Innate Abilities, Weirdness & Mutations

You are very small and have problems with some larger weapons.
You are too small for most types of armour.
You have supernaturally acute eyesight. (SInv)
You cover ground extremely quickly.


Message History

You closely miss the orc priest.
The orc priest is almost dead.
The orc priest completely misses you.
You hit the orc priest but do no damage.
The orc priest is almost dead.
The orc priest barely misses you.
You barely miss the orc priest.
The orc priest is almost dead.
The orc priest calls down the wrath of Beogh upon you.
You struggle to resist.
You hit the orc priest.
You kill the orc priest!
Your Dodging skill increases to level 4!
You hit the orc.
The orc is heavily wounded.
The orc completely misses you.
You hit the orc but do no damage.
The orc is heavily wounded.
The orc hits you with a +0 war axe.
You die... ### #..# #.. ..# #?. ... #.# #J. ... #.# #or

... #.# #K# #.
#.####.####o#
#.##.#.......#o#
.##.#....#####.#@##
......)..## #....#
#........#
#........#
##...())##
#....##### #.#....#
#.#.##
#.##.#[........# .
#.##)#.#...####.
.##.##.#.##.## .#
.....†..>##.# .#


You could see an ooze, 3 orcs, a kobold and a rat.

Vanquished Creatures
  An orc priest (D:3)
  2 adders (D:2)
  A white imp (D:3)
  A worm (D:2)
  A leopard gecko (D:3)
  A ball python (D:1)
  A giant cockroach (D:1)
  10 goblins
  5 hobgoblins
  A kobold (D:3)
  9 bats
  A frilled lizard (D:2)
  4 rats (D:2)
38 creatures vanquished.

Notes
Turn   | Place    | Note
-------+----------+-------------------------------------------
     0 | D:1      | octigp the Spriggan Conjurer began the quest for the Orb.
     0 | D:1      | Reached XP level 1. HP: 9/9 MP: 5/5
   307 | D:1      | Reached XP level 2. HP: 13/13 MP: 3/6
  1422 | D:2      | Reached XP level 3. HP: 16/16 MP: 6/8
  2469 | D:3      | Reached XP level 4. HP: 21/21 MP: 1/10
  2595 | D:3      | Slain by an orc

Illustrated notes

Levels and vault maps discovered:
D:1:      dpeg_arrival_arbitrary_b, layout_basic, serial_curves, eino_curves_03,
          eino_curves_03, eino_curves_01, chequers_serial_rivers_micro_a,
          minivault_19
D:2:      layout_basic, minmay_tiny_reverse_x, uniq_robin
D:3:      layout_loops_ring, uniq_sigmund, uniq_natasha

Skill      XL: |  1  2  3  4 |
---------------+-------------+-----
Conjurations   | 3 |  3.6
Spellcasting   | 3 |  3.5
Stealth        | 4 |  4.1
Dodging        | 4 |  4.0

Action                   |  1- 3 |  4- 6 || total
-------------------------+-------+-------++-------
Melee: Club              |    13 |       ||    13
       Short sword       |       |     6 ||     6
 Cast: Magic Dart        |    95 |    10 ||   105
Armor: Robe              |     1 |       ||     1
Dodge: Dodged            |    20 |     4 ||    24
